 Dungeon Crawl Stone Soup version 0.29-a0-824-gd827844252 (webtiles) character file.

Game seed: 18168984756824250164

3266 kevlar127 the Grappler (level 9, -7/96 HPs)
             Began as a Troll Berserker on July 10, 2022.
             Was an Elder of Trog.
             Mangled by a yak (16 damage)
             ... on level 7 of the Dungeon.
             The game lasted 00:12:54 (5249 turns).

kevlar127 the Grappler (Troll Berserker)            Turns: 5249, Time: 00:12:55

Health: -7/96      AC:  5    Str: 31    XL:     9   Next: 68%
Magic:  8/8        EV: 10    Int:  3    God:    Trog [****..]
Gold:   380        SH:  0    Dex:  9    Spells: 8/8 levels left

rFire   . . .      SeeInvis .     - Unarmed
rCold   . . .      Faith    .   (no shield)
rNeg    + . .      Spirit   .   a - +0 animal skin
rPois   .          Reflect  .   (helmet restricted)
rElec   .          Harm     .   r - +0 cloak
rCorr   .          Rampage  .   (gloves unavailable)
Will    .....                   (boots unavailable)
Stlth   +.........              p - amulet of regeneration
HPRegen 1.86/turn               l - ring of flight
MPRegen 0.11/turn               n - ring of positive energy

@: flying
A: large, unfitting armour, claws 3, regeneration 1, shaggy fur 1, tough skin 1
a: Renounce Religion, Berserk, Trog's Hand, Brothers in Arms


You were on level 7 of the Dungeon.
You worshipped Trog.
Trog was greatly pleased with you.
You visited 1 branch of the dungeon, and saw 7 of its levels.

You collected 380 gold pieces.

Inventory:

Missiles
 d - 6 poisoned darts (quivered)
 e - 104 stones
 h - a throwing net
Armour
 a - a +0 animal skin (worn)
 r - a +0 cloak (worn)
 A - a +2 robe of cold resistance
Jewellery
 l - a ring of flight (left claw)
 n - a ring of positive energy (right claw)
 p - an amulet of regeneration (around neck)
Wands
 B - a wand of iceblast (7)
Scrolls
 b - 4 scrolls of teleportation {unknown}
 c - 6 scrolls of identify {unknown}
 f - 2 scrolls of noise {unknown}
 i - a scroll of enchant armour {unknown}
 m - a scroll of poison {unknown}
 q - 2 scrolls of magic mapping {unknown}
 t - a scroll of amnesia {unknown}
 u - a scroll of acquirement {unknown}
 w - a scroll of vulnerability {unknown}
 y - a scroll of enchant weapon {unknown}
Potions
 g - 6 potions of attraction {unknown}
 j - a potion of berserk rage {unknown}
 k - 3 potions of heal wounds {unknown}
 o - a potion of mutation {unknown}
 s - a potion of haste {unknown}
 v - 2 potions of curing {unknown}
 x - a potion of flight {unknown}
 z - a potion of cancellation {unknown}


   Skills:
 + Level 8.0 Fighting
 - Level 5.0 Throwing
 - Level 2.4 Dodging
 + Level 9.2 Unarmed Combat


You had 8 spell levels left.
You didn't know any spells.
Your spell library was empty.

Dungeon Overview and Level Annotations

Branches:
Dungeon (7/15)             Temple (0/1) D:6

Altars:

Shops:
D:4 *

Annotations:
D:7 1 runed translucent door, gdog's ghost, novice GnDe


Innate Abilities, Weirdness & Mutations

You are too large for most types of armour.
You have claws for hands.
Your natural rate of healing is unusually fast.
You are covered in fur. (AC +1)
You have tough skin. (AC +1)


Message History

You see here a poisoned dart.
Throw: 7 darts (poison)
Press: ? - help, Q - select action, (/) - cycle Shift-Dir - straight line, f - yak
Aim: a yak (72% to hit)
You throw a poisoned dart.
The poisoned dart barely misses the yak.
The poisoned dart barely misses the yak.
The yak bellows!
You barely miss the yak. You claw the yak, but do no damage. The yak gores you.
An orc warrior comes into view. It is wielding a +0 halberd.
You claw the yak!
The yak is heavily wounded.
An orc comes into view. It is wielding a +0 hand axe.
The yak gores you!
You closely miss the yak.
The orc shouts!
You claw the yak.
The yak is heavily wounded.
You hear a shout! x2
An orc comes into view. It is wielding a +0 club.
The yak gores you! The yak barely misses you.
An orc comes into view. It is wielding a +0 dagger.
The yak gores you!
You barely miss the yak.
The yak is heavily wounded.
The orc shouts!
An orc comes into view. It is wielding a +0 club.
The yak gores you but does no damage. The yak barely misses you. x2
Unknown command.
You claw the yak!
The yak is almost dead.
The orc warrior hits you from afar with a +0 halberd.
The yak gores you! x3
* * * LOW HITPOINT WARNING * * *
The yak attacks as you move away! The yak gores you!
* * * LOW HITPOINT WARNING * * *
The yak gores you.
* * * LOW HITPOINT WARNING * * *
The yak gores you!
You die...

[##...#####'## ......#
.......#.....# ...(..+
.......#...†.# .o....#
.......#....########.o.....
.......#....##.....#.......
.......#.....'....o'o......
.##..###....##....(#.......
.##..###....##..YYY########
......#.........@Y.+
......#............#
.....##.....##.....#
.....##.....##.....#
......#.....#....>.#
.....>#.....#......#
......#.....#......+
.....##.....##....)#
.....##.....##.....#


You could see 4 yaks, an orc warrior and 3 orcs.

Vanquished Creatures
  Pikel (D:7)
  A kobold demonologist (D:6)
  Sigmund (D:2)
  A yak (D:7)
  Menkaure (D:5)
  Edmund (D:5)
  A water moccasin (D:6)
  2 sky beasts (D:7)
  2 black bears
  2 ice beasts
  An ogre (D:5)
  2 lemures
  5 scorpions
  4 bullfrogs
  3 howler monkeys
  2 hounds
  2 orc priests
  2 iguanas (D:6)
  6 orc wizards
  Terence (D:2)
  Robin (D:2)
  7 gnolls
  12 adders
  A white imp (D:5)
  7 worms
  9 orcs
  7 bats
  7 endoplasms
  A giant cockroach (D:1)
  13 goblins
  9 hobgoblins
  4 jackals (D:1)
  9 kobolds
  3 quokkas
  3 ball pythons
  4 frilled lizards
  2 rats
140 creatures vanquished.

Vanquished Creatures (others)
  13 plants (D:2)
13 creatures vanquished.

Grand Total: 153 creatures vanquished

Notes
Turn   | Place    | Note
-------+----------+-------------------------------------------
     0 | D:1      | kevlar127 the Troll Berserker began the quest for the Orb.
     0 | D:1      | Reached XP level 1. HP: 22/22 MP: 0/0
    81 | D:1      | Reached XP level 2. HP: 23/29 MP: 1/1
   237 | D:1      | Reached ** piety under Trog
   287 | D:1      | Reached XP level 3. HP: 37/37 MP: 2/2
   535 | D:2      | Noticed Sigmund
   549 | D:2      | HP: 2/55 [something (2)]
   550 | D:2      | Killed Sigmund
   551 | D:2      | Reached skill level 4 in Unarmed Combat
   551 | D:2      | Reached XP level 4. HP: 4/48 MP: 3/3
   551 | D:2      | Reached XP level 5. HP: 5/54 MP: 4/4
   606 | D:2      | Reached skill level 5 in Unarmed Combat
   721 | D:2      | Noticed Robin
   737 | D:2      | Killed Robin
   790 | D:2      | Noticed Terence
   794 | D:2      | Killed Terence
   795 | D:2      | Reached XP level 6. HP: 53/63 MP: 5/5
  1200 | D:3      | Reached *** piety under Trog
  1749 | D:4      | Found Zupnui Fexi's Assorted Antiques.
  1774 | D:4      | Reached skill level 6 in Unarmed Combat
  1782 | D:4      | Reached skill level 5 in Fighting
  1782 | D:4      | Reached XP level 7. HP: 50/72 MP: 6/6
  2337 | D:5      | Entered Level 5 of the Dungeon
  2344 | D:5      | Reached skill level 1 in Throwing
  2350 | D:5      | Noticed Edmund
  2358 | D:5      | Killed Edmund
  2733 | D:5      | Reached XP level 8. HP: 83/83 MP: 7/7
  2781 | D:5      | Reached skill level 7 in Unarmed Combat
  2999 | D:5      | Noticed Menkaure
  3005 | D:5      | Killed Menkaure
  3028 | D:5      | Reached **** piety under Trog
  3177 | D:6      | Found a staircase to the Ecumenical Temple.
  3243 | D:6      | Noticed a kobold demonologist
  3254 | D:6      | Noticed a soul eater
  3254 | D:6      | Killed a kobold demonologist
  3415 | D:6      | Reached skill level 8 in Unarmed Combat
  3524 | D:6      | Reached XP level 9. HP: 92/92 MP: 8/8
  4665 | D:7      | Noticed Pikel
  5083 | D:7      | Killed Pikel
  5084 | D:7      | Reached skill level 5 in Throwing
  5124 | D:7      | Found a runed translucent door.
  5124 | D:7      | Noticed gdog's ghost (novice GnDe)
  5132 | D:7      | Reached skill level 9 in Unarmed Combat
  5249 | D:7      | Mangled by a yak

Illustrated notes

Levels and vault maps discovered:
D:1:      zelgadis_glass_arrival_small, layout_rooms, minmay_distorted
D:2:      layout_loops_ring, nicolae_grassy_gnolls, uniq_sigmund, uniq_terence,
          uniq_robin
D:3:      layout_basic, nicolae_wormholes
D:4:      layout_rooms, serial_shops, nicolae_shop_waterfront
D:5:      layout_loops_ring, uniq_menkaure, uniq_edmund
D:6:      layout_layer_cave, temple_pool_b
D:7:      layout_gridville, dancing_weapons_uskayaw, serial_shops,
          kennysheep_mini_moat, hellmonk_ghost_happy_afterlife, uniq_pikel

Skill      XL: |  1  2  3  4  5  6  7  8  9 |
---------------+----------------------------+-----
Fighting       | 3 4 5 6 8 |  8.0
Unarmed Combat | 4 5 6 8 9 |  9.2
Throwing       | 2 4 5 |  5.0
Dodging        | |  2.4

Action                   |  1- 3 |  4- 6 |  7- 9 || total
-------------------------+-------+-------+-------++-------
Melee: Unarmed           |    80 |   130 |   250 ||   460
       Punch             |     2 |     3 |    13 ||    18
Throw: Dart              |       |       |     9 ||     9
Invok: Berserk           |     1 |       |     3 ||     4
       Trog's Hand       |     1 |       |     3 ||     4
 Stab: Sleeping          |     1 |       |     1 ||     2
Armor: Animal skin       |    46 |    36 |    57 ||   139
Dodge: Dodged            |    48 |    59 |   111 ||   218

Table legend: (Time is in decaauts)
 A = Elapsed time spent in this place.
 B = Non-inter-level travel time spent in this place.
 C = Inter-level travel time spent in this place.
 D = Time resting spent in this place.
 E = Time spent auto-exploring this place.
 F = Levels seen in this place.
 G = Mean time per level.
                   A        B        C        D        E       F      G
               +--------+--------+--------+--------+--------+-----+--------+
         Total |   5232 |   4860 |    372 |    460 |   3451 |   7 |  747.4 |
       Dungeon |   5232 |   4860 |    372 |    460 |   3451 |   7 |  747.4 |
               +--------+--------+--------+--------+--------+-----+--------+

Top non-repeatable levels by time:
     D:6: 1392 daAuts
     D:5: 788 daAuts
     D:3: 696 daAuts
     D:7: 625 daAuts
     D:4: 621 daAuts
     D:2: 584 daAuts
     D:1: 523 daAuts
